 Dungeon Crawl Stone Soup version 0.27-a0-1123-g2f9bb313c0 (webtiles) character file.

Game seed: 10764578791684564745

16 Azzok the Shield-Bearer (level 2, -2/24 HPs)
             Began as a Formicid Fighter on May 3, 2021.
             Slain by an adder (4 damage)
             ... on level 2 of the Dungeon.
             The game lasted 00:00:56 (1126 turns).

Azzok the Shield-Bearer (Formicid Fighter)          Turns: 1126, Time: 00:00:57

Health: -2/24      AC:  8    Str: 20    XL:     2   Next: 70%
Magic:  2/2        EV:  8    Int:  7    God:
Gold:   82         SH:  9    Dex: 10    Spells: 1/1 levels left

rFire    . . .     SeeInvis +   a - +0 war axe
rCold    + . .     Faith    .   c - +0 kite shield
rNeg     . . .     Spirit   .   b - +0 scale mail
rPois    .         Reflect  .   (helmet unavailable)
rElec    .         Harm     .   o - scarf {shadows}
rCorr    .         Rampage  .   (no gloves)
Will     .....                  l - +0 pair of boots
Stlth    ..........             (no amulet)
HPRegen  0.08/turn              m - ring of protection from cold
MPRegen  0.08/turn              (no ring)

@: lethally poisoned (-2 -> -6)
A: permanent stasis, dig shafts and tunnels, antennae 3, four strong arms
a: Dig, Shaft Self


You were on level 2 of the Dungeon.
You visited 1 branch of the dungeon, and saw 2 of its levels.

You collected 82 gold pieces.

Inventory:

Hand Weapons
 a - a +0 war axe (weapon)
Armour
 b - a +0 scale mail (worn)
 c - a +0 kite shield (worn)
 l - a +0 pair of boots (worn)
 o - a scarf of shadows (worn)
Jewellery
 m - a ring of protection from cold (left hand)
Scrolls
 e - a scroll of vulnerability {unknown}
 g - a scroll of noise {unknown}
 h - 2 scrolls of teleportation {unknown}
 i - a scroll of immolation {unknown}
 j - a scroll of enchant armour {unknown}
Potions
 d - a potion of might
 f - a potion of magic {unknown}
 k - a potion of cancellation {unknown}
 n - a potion of haste {unknown}


   Skills:
 - Level 3.2 Fighting
 * Level 2.8 Axes
 - Level 3.2 Armour
 + Level 4.0 Shields


You had one spell level left.
You didn't know any spells.
Your spell library was empty.

Dungeon Overview and Level Annotations

Branches:
Dungeon (2/15)

Altars:


Innate Abilities, Weirdness & Mutations

You cannot be hasted, slowed, berserked, paralysed or teleported.
You can dig through walls and to a lower floor.
You have a pair of large antennae on your head. (SInv)
Your four strong arms can wield two-handed weapons with a shield.


Message History

You are too injured to fight recklessly!
You are too injured to fight recklessly!
You closely miss the adder. You barely miss the ball python.
You feel sick. You block the adder's attack.
You block the ball python's attack. The ball python constricts you.
The adder bites you but does no damage. You block the ball python's attack.
The ball python constricts you.
You barely miss the adder. You barely miss the ball python.
You feel sick. The adder bites you but does no damage.
The ball python bites you. The ball python constricts you. The adder bites you.
You miss the adder. You closely miss the ball python.
You feel sick.
You are no longer poisoned.
The ball python bites you but does no damage.
The ball python constricts you. You block the adder's attack.
The ball python bites you but does no damage.
The ball python constricts you. The adder bites you.
* * * LOW HITPOINT WARNING * * *
You hit the adder.
The adder is heavily wounded.
You closely miss the ball python.
The ball python bites you but does no damage.
The ball python constricts you. You block the adder's attack.
You block the ball python's attack. The ball python constricts you.
You block the adder's attack.
You miss the adder.
The adder is heavily wounded.
You closely miss the ball python. The adder bites you.
* * * LOW HITPOINT WARNING * * *
You are lethally poisoned!
The adder poisons you! The ball python bites you.
* * * LOW HITPOINT WARNING * * *
The ball python constricts you.
The ball python bites you but does no damage.
The ball python constricts you. The adder barely misses you.
Your shield prevents you from hitting the adder.
The adder is heavily wounded.
You slash the ball python!
You kill the ball python!
* * * LOW HITPOINT WARNING * * *
You feel sick. The adder bites you but does no damage. The adder bites you.
You die...

···▒▒▒▒▒ ▒▒▒▒▒ ········
···· ·······▒ ▒··
▒·····▒ ▒▒▒▒▒▒··
▒·····▒ { ▒·······
▒····S▒ ▒···)···
▒··(·@▒ ▒···)··<
▒·····▒▒▒▒▒▒▒▒▒······▒
······················>
·····▒▒▒▒▒▒▒▒····<····▒
····· ▒·········▒ ··(··
▒·········· ▒▒▒▒
▒····▒▒▒▒▒▒ ▒▒▒▒▒······
▒······


You could see an adder.

Vanquished Creatures
  2 bats (D:1)
  3 endoplasms
  A giant cockroach (D:1)
  2 goblins
  5 ball pythons
  2 kobolds (D:2)
15 creatures vanquished.

Notes
Turn   | Place    | Note
-------+----------+-------------------------------------------
     0 | D:1      | Azzok the Formicid Fighter began the quest for the Orb.
     0 | D:1      | Reached XP level 1. HP: 18/18 MP: 1/1
   552 | D:1      | Reached XP level 2. HP: 20/24 MP: 2/2
  1028 | D:2      | Reached skill level 4 in Shields
  1126 | D:2      | Slain by an adder

Illustrated notes

Levels and vault maps discovered:
D:1:      dpeg_arrival_arbitrary_c, layout_basic
D:2:      kennysheep_big_flooded_room, layout_basic,
          hellmonk_ecumenical_altar_blasted

Skill      XL: |  1  2 |
---------------+-------+-----
Shields        | 4 |  4.0
Fighting       | |  3.2
Axes           | |  2.8
Armour         | |  3.2

Action                   || total
-------------------------++-------
Melee: War axe           ||    43
Armor: Scale mail        ||    28
Dodge: Dodged            ||    11
Block: Kite shield       ||    37

Table legend: (Time is in decaauts)
 A = Elapsed time spent in this place.
 B = Non-inter-level travel time spent in this place.
 C = Inter-level travel time spent in this place.
 D = Time resting spent in this place.
 E = Time spent auto-exploring this place.
 F = Levels seen in this place.
 G = Mean time per level.
                   A        B        C        D        E       F      G
               +--------+--------+--------+--------+--------+-----+--------+
         Total |   1148 |   1136 |     12 |      0 |    975 |   2 |  574.0 |
       Dungeon |   1148 |   1136 |     12 |      0 |    975 |   2 |  574.0 |
               +--------+--------+--------+--------+--------+-----+--------+

Top non-repeatable levels by time:
     D:1: 795 daAuts
     D:2: 352 daAuts
